 Dungeon Crawl Stone Soup version 0.13.0-25-g43d4df3 (webtiles) character file.

212 Malachi the Insei (level 4, -1/38 HPs)
             Began as a Naga Transmuter on Oct 27, 2013.
             Slain by an orc
             ... wielding a +0,+0 orcish trident
              (6 damage)
             ... on Level 3 of the Dungeon.
             The game lasted 00:04:09 (3215 turns).

Malachi the Insei (Naga Transmuter)                 Turns: 3215, Time: 00:04:10

HP  -1/38        AC  2     Str 12      XL: 4   Next: 28%
MP   4/6         EV 10     Int 14      God:
Gold 138         SH  0     Dex 12      Spells:  2 memorised,  4 levels left

Res.Fire  : . . .   See Invis. : +   b - 49 arrows
Res.Cold  : . . .   Warding    : .   c - +0 robe
Life Prot.: . . .   Conserve   : .   (no shield)
Res.Poison: +       Res.Corr.  : .   (no helmet)
Res.Elec. : .       Clarity    : .   (no cloak)
Sust.Abil.: . .     Spirit.Shd : .   (no gloves)
Res.Mut.  : .       Stasis     : .   (no barding)
Res.Rott. : .       Flight     : .   (no amulet)
Saprovore : . . .                    (no ring)
                                     (no ring)

@: very slow, slightly resistant to hostile enchantments, unstealthy
A: spit poison, see invisible, deformed body, poison resistance, slowness 2, AC
+1
a: Spit Poison


You were on level 3 of the Dungeon.
You were very hungry.

You visited 1 branch of the dungeon, and saw 3 of its levels.

You collected 118 gold pieces.

Inventory:

Missiles
 b - 49 arrows (in hand)
 f - 15 arrows of frost
 k - 9 arrows of dispersal
Armour
 c - a +0 robe (worn)
Magical devices
 l - a wand of teleportation (0)
Comestibles
 a - 2 bread rations
 h - 2 apples
 j - a meat ration
Scrolls
 g - 2 scrolls of enchant armour {unknown}
 i - a scroll of enchant weapon II {unknown}
 m - a scroll of remove curse {unknown}
 o - a scroll of recharging {unknown}
 p - a scroll of teleportation {unknown}
 q - a scroll of magic mapping {unknown}
 r - a scroll of identify {unknown}
 s - a scroll of noise {unknown}
 t - a scroll of curse armour {unknown}
Potions
 e - 2 potions of curing {unknown}
 n - 2 potions of poison {unknown}
Books
 d - a book of Changes

   Spells                             Type                      Level
   *Beastly Appendage                 Transmutation                1
   *Sticks to Snakes                  Transmutation                2
   Spider Form                        Transmutation/Poison         3
   Ice Form                           Ice/Transmutation            4
   Blade Hands                        Transmutation                5


   Skills:
 + Level 1.1 Fighting
 + Level 2.1 Dodging
 + Level 0.9 Stealth
 * Level 3.8 Unarmed Combat
 + Level 2.4 Spellcasting
 + Level 2.4 Transmutations


You had 4 spell levels left.
You knew the following spells:

 Your Spells              Type           Power        Failure   Level  Hunger
a - Beastly Appendage     Trmt           #.....       10%         1    #......
b - Sticks to Snakes      Trmt           #.........   14%         2    ###....


Dungeon Overview and Level Annotations

Branches:
Dungeon (3/27)

Altars:
Fedhas
Xom


Innate Abilities, Weirdness & Mutations

You cannot wear boots.
You can spit poison.
Your serpentine skin is tough (AC +1).
You have supernaturally acute eyesight.
Armour fits poorly on your strangely shaped body.
Your system is resistant to poisons.
You cover ground very slowly.


Message History

b - 50 arrows (in hand)
You climb downwards.
You hear the sound of rushing water.
There is an entrance to a sewer on this level.
Hurry and find it before the portal rusts away!
You hear the slow rusting of a drain, a long way away.
The orc hits you with an orcish falchion.
The orc closely misses you.
The orc hits you with an orcish war axe!
There is a stone staircase leading up, spattered with blood here.
Casting: Beastly Appendage
Confirm with . or Enter, or press ? or * to list all spells.
You create a snake!
You are feeling very hungry.
The orc hits you with an orcish falchion.
The orc hits you with an orcish trident.
The orc hits you with an orcish war axe!
* * * LOW HITPOINT WARNING * * *
The orc closely misses your ball python.
The orc hits you from afar with an orcish trident.
You die...

#.# #.# ####.# #....# #.####
########## #.# #........# #.#
##########.######.##########.####
..............o.@................
#.##########.##o#.##########.####
#.# #........o..............# #.#
#........S..............# #.#
#.......................# ..#
#.....(.................# ###
#.............o.........#
#.......................# #
#.....).................#


You could see an orc wizard and 2 orcs.

Vanquished Creatures
  2 adders
  An inept feature mimic (D:2)
  A giant gecko (D:3)
  An orc (D:3)
  7 bats
  5 giant cockroaches
  8 goblins
  7 hobgoblins
  3 giant newts (D:2)
  8 kobolds
  7 rats
50 creatures vanquished.

Notes
Turn   | Place    | Note
--------------------------------------------------------------
     0 | D:1      | Malachi, the Naga Transmuter, began the quest for the Orb.
     0 | D:1      | Reached XP level 1. HP: 18/18 MP: 1/1
   336 | D:1      | Reached XP level 2. HP: 5/25 MP: 0/3
  1604 | D:2      | Reached XP level 3. HP: 14/31 MP: 2/4
  2397 | D:2      | Found a blossoming altar of Fedhas.
  2397 | D:2      | Found a shimmering altar of Xom.
  2610 | D:2      | Reached XP level 4. HP: 25/38 MP: 4/6
  3078 | D:2      | Learned a level 2 spell: Sticks to Snakes
  3215 | D:3      | Slain by an orc

Action                   |  1- 3 |  4- 6 || total
-------------------------+-------+-------++-------
Melee: Unarmed           |   158 |    25 ||   183
 Cast: Beastly Appendage |    22 |     6 ||    28
       Sticks to Snakes  |       |     1 ||     1
 Abil: Spit Poison       |     2 |       ||     2
Evoke: Wand              |       |     3 ||     3
 Stab: Sleeping          |     1 |       ||     1
